Map: [ESL] Curious Minds

Players

Zoun

  • Race: Protoss Protoss

HeroMarine - Winner!

  • Race: Terran Terran

Event: IEM Katowice 2022

VOD

Have the link to the VOD?

Description

Time

  • Played on: Feb. 26, 2022, 6:55 a.m.
  • Length: 6:18

All games in this series

Show
View Real Time Build Order
Export as new Build Order

Zoun Protoss 

Build Orders: 1 Gate Expand, Blink Stalkers 

Get SALT Encoding   

  12  0:00  Probe  
  13  0:12  Probe  
  14  0:17  Pylon  
  14  0:24  Probe (Chrono Boost)  
  15  0:36  Probe (Chrono Boost)  
  15  0:38  Gateway  
  16  0:44  Probe (Chrono Boost)  
  16  0:47  Assimilator  
  17  0:50  Probe  
  18  1:03  Probe  
  19  1:15  Probe  
  20  1:25  Cybernetics Core  
  20  1:34  Nexus  
  20  1:37  Probe  
  21  1:46  Pylon  
  21  1:49  Probe  
  21  1:53  Assimilator  
  22  2:01  Probe, Adept (Chrono Boost)  
  25  2:09  Warp Gate  
  25  2:13  Probe  
  26  2:22  Twilight Council  
  26  2:27  Probe  
  26  2:29  Stalker  
  29  2:40  Probe (Chrono Boost)  
  30  2:49  Probe (Chrono Boost)  
  30  2:50  Probe (Chrono Boost)  
  30  2:51  Gateway  
  32  2:52  Blink (Chrono Boost)  
  32  2:54  Probe (Chrono Boost)  
  33  3:03  Probe  
  34  3:06  Probe  
  35  3:14  Stalker  
  35  3:15  Probe  
  38  3:20  Shield Battery  
  38  3:21  Probe  
  39  3:27  Probe  
  39  3:33  Probe  
  41  3:38  Robotics Facility  
  41  3:39  Probe  
  42  3:42  Pylon  
  42  3:45  Probe  
  43  3:51  Probe  
  44  3:58  Probe, Pylon  
  44  4:02  Stalker x2  
  49  4:03  Probe  
  50  4:10  Probe  
  51  4:17  Nexus  
  51  4:19  Probe  
  52  4:25  Stalker  
  52  4:29  Probe  
  55  4:31  Probe  
  55  4:35  Assimilator  
  56  4:39  Assimilator  
  56  4:41  Stalker  
  56  4:42  Probe  
  56  4:43  Probe  
  56  4:45  Pylon  
  60  4:50  Robotics Bay  
  60  4:54  Observer, Probe  
  62  5:00  Pylon  
  62  5:03  Probe  
  62  5:06  Probe  
  64  5:11  Gateway  
  64  5:12  Gateway  
  64  5:15  Probe  
  64  5:18  Stalker  
  64  5:20  Stalker  
  69  5:33  Shield Battery, Pylon  
  69  5:46  Stalker  
  68  5:55  Gateway x2  
  60  5:57  Gateway  
  56  6:06  Zealot  
  56  6:07  Zealot  
  59  6:15  Zealot  
Show
View Real Time Build Order
Export as new Build Order

HeroMarine Terran - Winner!

Build Orders:  

Get SALT Encoding   

  12  0:00  SCV  
  13  0:12  SCV  
  14  0:17  Supply Depot  
  14  0:24  SCV  
  15  0:39  Barracks, SCV  
  16  0:43  Refinery  
  16  0:51  SCV  
  17  1:03  SCV  
  18  1:15  SCV  
  19  1:27  Marine, Orbital Command  
  20  1:43  Command Center  
  20  1:46  Barracks Reactor  
  20  1:53  SCV  
  21  1:58  Supply Depot  
  21  2:05  SCV  
  22  2:09  Factory  
  22  2:17  SCV  
  22  2:19  Refinery  
  22  2:22  Marine  
  24  2:23  Marine  
  24  2:29  SCV  
  26  2:40  Marine  
  26  2:41  Marine, SCV  
  29  2:53  SCV  
  29  2:54  Starport  
  29  2:55  Factory Tech Lab  
  29  2:58  Orbital Command  
  30  3:02  Marine  
  30  3:04  Marine  
  32  3:08  SCV  
  33  3:15  Siege Tank  
  33  3:17  Orbital Command  
  36  3:22  Supply Depot, Marine  
  36  3:26  SCV  
  38  3:31  Medivac  
  38  3:33  Marine  
  41  3:40  Marine  
  44  3:50  Marine, Siege Tank  
  44  3:52  Supply Depot, SCV  
  44  3:55  SCV  
  48  3:58  Marine  
  48  4:01  Supply Depot  
  49  4:05  Viking  
  49  4:08  SCV, Marine  
  49  4:09  SCV  
  54  4:15  Marine  
  55  4:20  SCV  
  55  4:22  SCV  
  57  4:26  Marine  
  57  4:29  Supply Depot, Siege Tank  
  61  4:32  SCV  
  61  4:34  Marine, SCV  
  64  4:42  Viking  
  64  4:44  Marine  
  64  4:45  SCV  
  68  4:46  SCV  
  68  4:51  Marine  
  70  4:53  Supply Depot  
  70  4:57  SCV  
  70  4:58  SCV  
  72  5:02  Marine  
  72  5:06  Barracks  
  73  5:07  Siege Tank  
  73  5:12  SCV x2  
  78  5:15  Marine  
  78  5:19  Marine  
  79  5:24  SCV x2  
  80  5:33  Marine  
  81  5:36  SCV x2  
  81  5:37  Marine  
  86  5:42  Siege Tank  
  86  5:46  Refinery  
  86  5:48  SCV  
  86  5:51  SCV, Command Center  
  86  5:54  Barracks Tech Lab  
  86  5:55  Marine x2  
  86  5:57  Barracks  
  88  6:00  SCV  
  88  6:03  SCV  

Tags
 
Add a new tag
Caveats
  • Supply blocks, unpowered buildings, or Contaminate may cause inaccurate times.
  • Supply counts are checked every 10 seconds.